 Dungeon Crawl Stone Soup version 0.31.0-11-ge490571c62 (webtiles) character file.

Game seed: 6912081509838094006

9 Gadfly the Trooper (level 2, 23/24 HPs)
             Began as a Demonspawn Monk on Feb 1, 2024.
             Quit the game on level 1 of the Dungeon.
             The game lasted 00:00:40 (173 turns).

Gadfly the Trooper (Demonspawn Monk)                 Turns: 173, Time: 00:00:40

Health: 23/24      AC:  2    Str: 11    XL:     2   Next: 3%
Magic:  2/2        EV: 13    Int: 10    God:
Gold:   21         SH:  0    Dex: 15    Spells: 1/1 levels left

rFire   . .          .
                       - Unarmed
rCold   . . .        c - orb {light}
rNeg    . . .        a - +0 robe
rPois   .            (no helmet)
rElec   .            (no cloak)
rCorr   .            (no gloves)
SInv    .            (no boots)
Will    .....        (no amulet)
Stlth   +            (no ring)
HPRegen 0.24/turn    (no ring)
MPRegen 0.08/turn

%: no passive effects
@: glowing
A: demonic magic 1
a: no special abilities


You were on level 1 of the Dungeon.
You visited 1 branch of the dungeon, and saw 2 of its levels.

You collected 21 gold pieces.

Inventory:

Armour
 a - a +0 robe (worn)
 c - an orb of light (worn)
Talismans
 d - a serpent talisman
Scrolls
 e - a scroll of identify {unknown}
Potions
 b - a potion of ambrosia


   Skills:
 - Level 3.0 Fighting
 + Level 2.8 Dodging
 * Level 2.8 Unarmed Combat
 * Level 0.6 Evocations
 * Level 0.5 Shapeshifting


You had one spell level left.
You didn't know any spells.
Your spell library was empty.

Dungeon Overview and Level Annotations

Branches:
Dungeon (2/15)

Altars:

Shops:
D:1 ?:!!


Innate Abilities, Weirdness & Mutations

Spells you cast may paralyse adjacent enemies.


Message History

You hit the ball python.
You kill the ball python!
No target in view!
No target in view!
No target in view!
No target in view!
No target in view!
A bat comes into view.
A bat is nearby!
A bat is nearby!
You hit the bat.
You kill the bat!
No target in view!
No target in view!
No target in view!
No target in view!
No target in view!
No target in view!
Found an escape hatch in the ceiling.
e - a scroll labelled LAS UKHLIYWN No target in view!
Found a stone staircase leading up.
There is an escape hatch in the ceiling here.
A mysterious force pulls you upwards. The hatch slams shut behind you.
The ball python hisses angrily. x2
Found a robe.
Found an escape hatch in the floor.
You see here a +0 war axe.
There are monsters nearby!
There are monsters nearby!
You hit the ball python.
The ball python is heavily wounded.
The ball python barely misses you. The ball python grabs you.
The ball python constricts you. The ball python bites you.
You hit the ball python.
You kill the ball python!
The ball python completely misses you. The ball python closely misses you.
You have reached level 2!
Your demonic ancestry asserts itself...
A menacing aura infuses your magic.
Are you sure you want to abandon this character and quit the game? (Confirm with "yes".)

. .. .#. #
....## #
#.... .
##.#># #
###...[###..
.######
#....S......
........
#.@..#
.##....
##.#......
....### #.#
##### #
#.##. #.#
##..). ...
#..... ###
#.....
#...#.
##.### #.##.


You could see a ball python.

Vanquished Creatures
  3 ball pythons
  2 bats (D:2)
  An endoplasm (D:2)
  A kobold (D:1)
7 creatures vanquished.

Notes
Turn   | Place    | Note
-------+----------+-------------------------------------------
     0 | D:1      | Gadfly the Demonspawn Monk began the quest for the Orb.
     0 | D:1      | Reached XP level 1. HP: 18/18 MP: 1/1
    19 | D:1      | Found Poecejua's Distillery.
    29 | D:1      | Found Ybre's Magic Scroll Shop.
    50 | D:1      | Found Siecumoh's Book Emporium.
    66 | D:1      | Found Udduecod's Distillery.
   109 | D:1      | You fall into a shaft and drop 1 floor!
   117 | D:2      | Found a faded altar of an unknown god.
   173 | D:1      | Gained mutation: Spells you cast may paralyse adjacent
                  | enemies. [demonic ancestry]
   173 | D:1      | Reached XP level 2. HP: 23/24 MP: 2/2
   173 | D:1      | Quit the game

Illustrated notes

Levels and vault maps discovered:
D:1:      lightli_arrival_chessboard, layout_loops_ring, serial_shops, shop,
          shop, nicolae_shop_hallway_plus, nicolae_shop_hallway_stairs,
          nicolae_shop_trees
D:2:      layout_rooms, basic_altar, basic_ecumenical_altar, uniq_sigmund

Action                     || total
---------------------------++-------
  Melee: Unarmed           ||    22
    Use: Scroll            ||     1
 Armour: Robe              ||     9
  Dodge: Dodged            ||    17
